 Dungeon Crawl Stone Soup version 0.25.0-10-g039870ee82 (webtiles) character file.

Game seed: 18117979854410348133

263 Jakers the Geomancer (level 6, 0/32 HPs)
             Began as a Gargoyle Earth Elementalist on June 23, 2020.
             Was an Initiate of Vehumet.
             Splashed by a jelly's acid (8 damage)
             ... on level 5 of the Dungeon on June 24, 2020.
             The game lasted 00:08:41 (3689 turns).

Jakers the Geomancer (Gargoyle Earth Elementalist)  Turns: 3689, Time: 00:08:42

Health: 0/32       AC: -5    Str: 11    XL:     6   Next: 19%
Magic:  9/9        EV: 12    Int: 18    God:    Vehumet [......]
Gold:   214        SH:  0    Dex: 10    Spells: 5/9 levels left

rFire    . . .     SeeInvis .   g - +0 quarterstaff
rCold    . . .     Gourm    .   (shield currently unavailable)
rNeg     + . .     Faith    .   c - +0 robe
rPois    ∞         Spirit   .   (no helmet)
rElec    +         Reflect  .   (no cloak)
rCorr    .         Harm     .   (no gloves)
MR       .....                  (no boots)
Stlth    ++........             (no amulet)
HPRegen  0.10/turn              (no ring)
MPRegen  0.11/turn              (no ring)

@: corroded
A: negative energy resistance 1, electricity resistance, unbreathing,
petrification resistance, rot immunity, AC +4
a: Renounce Religion


You were on level 5 of the Dungeon.
You worshipped Vehumet.
Vehumet was noncommittal.
You were hungry.

You visited 1 branch of the dungeon, and saw 5 of its levels.

You collected 214 gold pieces.

Inventory:

Hand Weapons
 g - a +0 quarterstaff (weapon)
 s - a +1 vorpal mace
Missiles
 b - 65 stones (quivered)
 i - 15 sling bullets
Armour
 c - a +0 robe (worn)
Jewellery
 q - an uncursed ring of protection from magic
Wands
 n - a wand of disintegration (15)
Scrolls
 e - 2 scrolls of teleportation
 f - a scroll of blinking {unknown}
 k - 3 scrolls of identify {unknown}
 m - a scroll of remove curse {unknown}
 r - a scroll of amnesia {unknown}
Potions
 a - a potion of haste {unknown}
 h - 2 potions of curing {unknown}
 j - a potion of might {unknown}
 l - a potion of invisibility {unknown}
 o - a potion of degeneration {unknown}
 p - a potion of magic {unknown}
Comestibles
 d - 7 rations


   Skills:
 - Level 1.5 Dodging
 - Level 2.1 Stealth
 - Level 2.0 Spellcasting
   Level 0.7 Transmutations
 + Level 8.1 Earth Magic


You had 5 spell levels left.
You knew the following spells:

 Your Spells              Type           Power        Failure   Level  Hunger
a - Sandblast             Erth           ####..       1%          1    #......
b - Stone Arrow           Conj/Erth      ###...       11%         3    ###....

Your spell library contained the following spells:

 Spells                   Type           Power        Failure   Level  Hunger
 Passwall                 Tmut/Erth      ###.....     4%          2    ###....
 Lee's Rapid Deconstruct  Erth           ####......   19%         5    ######.
 Petrify                  Tmut/Erth      ###.....     28%         4    #####..


Dungeon Overview and Level Annotations

Branches:
Dungeon (5/15)
 Temple: D:4-7

Altars:
Ashenzari
Gozag
Vehumet
The Shining One


Innate Abilities, Weirdness & Mutations

You are resistant to torment.
Your stone body is resilient. (AC +4)
You are immune to poison.
You resist negative energy. (rN+)
You are resistant to electric shocks. (rElec)
You can survive without breathing.
You are immune to petrification.
You are immune to rotting.


Message History

There is a stone staircase leading down here.
You climb downwards.
Found 6 gold pieces.
There is a stone staircase leading up here.
Found a throwing net.
You now have 202 gold pieces (gained 6).
b - 65 stones (gained 8)
You now have 214 gold pieces (gained 12).
A jelly comes into view.
The jelly hits you but does no damage.
You hit the jelly. The acid corrodes you!
Your hands burn!
The jelly is moderately wounded.
The jelly hits you. The acid corrodes you!
You are splashed with acid!
You barely miss the jelly.
The jelly is moderately wounded.
The jelly hits you. The acid corrodes you!
You are splashed with acid.
The jelly hits you.
* * * LOW HITPOINT WARNING * * *
You are splashed with acid!
You die...

.....## #.....
#....# #....#
###....# #......
#.J..# #########
#..@.# #<......###
#....# #........(#
#....# #.........#
###.####.#####...#
#......# #...#
######## #...#
#...# #...# #####


You could see a jelly.

Vanquished Creatures
  A scorpion (D:4)
  An iguana (D:4)
  A worker ant (D:4)
  A hound skeleton (D:4)
  7 adders
  A worm (D:2)
  5 dart slugs
  A leopard gecko (D:3)
  3 orcs
  8 bats
  5 giant cockroaches
  7 goblins
  5 hobgoblins
  9 jackals (D:2)
  3 kobolds
  A quokka (D:3)
  5 frilled lizards
  A jackal skeleton (D:4)
  10 rats
75 creatures vanquished.

Notes
Turn   | Place    | Note
-------+----------+-------------------------------------------
     0 | D:1      | Jakers the Gargoyle Earth Elementalist began the quest for
                  | the Orb.
     0 | D:1      | Reached XP level 1. HP: 10/10 MP: 3/3
    91 | D:1      | Reached skill level 4 in Earth Magic
   109 | D:1      | Reached XP level 2. HP: 15/15 MP: 0/5
   473 | D:1      | Reached XP level 3. HP: 17/19 MP: 3/6
   481 | D:1      | Reached skill level 5 in Earth Magic
  1291 | D:2      | Reached XP level 4. HP: 22/24 MP: 2/7
  1309 | D:2      | Reached skill level 6 in Earth Magic
  1463 | D:2      | Found an opulent altar of Gozag.
  1470 | D:2      | Found a glowing golden altar of the Shining One.
  1472 | D:2      | Found a radiant altar of Vehumet.
  1616 | D:2      | Became a worshipper of Vehumet
  1691 | D:2      | Found a shattered altar of Ashenzari.
  2463 | D:4      | Learned a level 3 spell: Stone Arrow
  2496 | D:4      | Reached XP level 5. HP: 28/28 MP: 3/8
  2628 | D:4      | Reached skill level 7 in Earth Magic
  3013 | D:4      | Reached skill level 8 in Earth Magic
  3013 | D:4      | Reached XP level 6. HP: 15/32 MP: 9/9
  3659 | D:5      | Entered Level 5 of the Dungeon
  3689 | D:5      | Splashed by a jelly's acid

Illustrated notes

Levels and vault maps discovered:
D:1:      eino_arrival_cavern_a, layout_basic
D:2:      layout_basic, lemuel_doored_altar, grunt_temple_overflow_open,
          kennysheep_generic_room_13
D:3:      layout_loops_cross, minitemple, minmay_diced_spiral
D:4:      cheibrodos_helix_gallery, layout_loops_corners, first_ration,
          chequers_garden, minmay_splitting_lines
D:5:      layout_basic, kennysheep_mini_moat

Skill      XL: |  1  2  3  4  5 |
---------------+----------------+-----
Earth Magic    | 4 5 6 8 |  8.1
Dodging        | |  1.5
Stealth        | |  2.1
Spellcasting   | |  2.0
Transmutations | |  0.7

Action                   |  1- 3 |  4- 6 || total
-------------------------+-------+-------++-------
Melee: Mace              |    50 |    76 ||   126
       Quarterstaff      |       |     2 ||     2
 Cast: Sandblast         |    32 |    24 ||    56
  Use: Scroll            |       |     1 ||     1
 Stab: Sleeping          |     2 |     3 ||     5
       Distracted        |       |     1 ||     1
  Eat: Chunk             |     2 |     7 ||     9
Armor: Robe              |    27 |    35 ||    62
Dodge: Dodged            |    48 |    68 ||   116
